 Dungeon Crawl Stone Soup version 0.30-a0-620-g0e44632947 (webtiles) character file.

Game seed: 3724528429451732245

497 KristoblXynda the Trooper (level 6, -2/48 (56) HPs)
             Began as a Draconian Monk on Jan 10, 2023.
             Slain by a wight
             ... wielding a +2 flail
              (10 damage)
             ... on level 6 of the Dungeon.
             The game lasted 00:04:21 (3805 turns).

KristoblXynda the Trooper (Draconian Monk)          Turns: 3805, Time: 00:04:21

HP:   -2/48 (56)    AC:  8    Str: 16    XL:     6   Next: 93%
MP:   6/6           EV: 13    Int: 10    God:
Gold: 168           SH:  0    Dex: 13    Spells: 5/5 levels left

rFire   . . .      SeeInvis .    c - +1 short sword (speed)
rCold   + . .      Faith    .    (no shield)
rNeg    . . .      Spirit   .    (body armour unavailable)
rPois   .          Reflect  .    (helmet restricted)
rElec   .          Harm     .    n - +1 cloak
rCorr   .          Rampage  .    (no gloves)
Will    .....                    (no boots)
Stlth   ++                       (no amulet)
HPRegen 0.28/turn                d - ring of protection from cold
MPRegen 0.10/turn                (no ring)

@: about to teleport, attractive, heavily drained
A: AC +6, unfitting armour, cold-blooded
a: no special abilities


You were on level 6 of the Dungeon.
You visited 1 branch of the dungeon, and saw 6 of its levels.

You collected 168 gold pieces.

Inventory:

Hand Weapons
 c - a +1 short sword of speed (weapon)
 l - a +2 dagger of draining
Armour
 n - a +1 cloak (worn)
Jewellery
 d - a ring of protection from cold (left hand)
 q - a ring of fire
Scrolls
 b - 2 scrolls of enchant weapon
 e - a scroll of noise {unknown}
 f - 2 scrolls of vulnerability {unknown}
 i - a scroll of blinking
 j - a scroll of enchant armour
Potions
 g - a potion of mutation
 h - a potion of resistance {unknown}
 k - a potion of lignification {unknown}
 m - a potion of cancellation {unknown}


   Skills:
 + Level 5.1 Fighting
 + Level 4.1 Dodging
 + Level 3.9 Stealth
 + Level 4.8 Unarmed Combat


You had 5 spell levels left.
You didn't know any spells.
Your spell library was empty.

Dungeon Overview and Level Annotations

Branches:
Dungeon (6/15)
 Temple: D:4-7

Altars:

Shops:
D:3 :

Annotations:
D:5 Grinder, Menkaure


Innate Abilities, Weirdness & Mutations

Your plain brown scales are hard. (AC +6)
You cannot fit into any form of body armour.
You are cold-blooded and may be slowed by cold attacks.


Message History

* * * LOW HITPOINT WARNING * * *
You feel drained.
* * * LOW HITPOINT WARNING * * *
You closely miss the wight.
Your tail-slap misses the wight.
The wight is moderately damaged.
You are confused.
You feel invigorated. The wight barely misses you.
You miss the wight.
You tail-slap the wight, but do no damage.
The wight is moderately damaged.
The wight barely misses you.
You bump into the rock wall.
The wight closely misses you.
You hit the wight.
The wight is moderately damaged.
You bump into the rock wall.
The wight hits you with a +2 flail.
You feel drained.
You bump into the rock wall.
You feel less invigorated.
You feel less confused. The wight hits you with a +2 flail!
* * * LOW HITPOINT WARNING * * *
You feel drained.
* * * LOW HITPOINT WARNING * * *
You hit the wight but do no damage.
Your tail-slap misses the wight.
The wight is moderately damaged.
The wight barely misses you.
You hit the wight but do no damage.
The wight is moderately damaged.
The wight barely misses you.
You barely miss the wight.
The wight is moderately damaged.
You hit the wight.
Your tail-slap misses the wight.
The wight is severely damaged.
The wight closely misses you. The wight is attracted toward you. x3
The necrophage is attracted toward you. The wight is attracted toward you. x2
Something is attracted toward you.
As you read the scroll labelled CIXKEAZ UFEIPS, it crumbles to dust.
You feel strangely unstable.
It was a scroll of teleportation.
The wight hits you with a +2 flail!
You die...

## ........
.....
.##...#.#..#. .
.. ..#..... ##.
.# #.......##...
##.#
#.#..........
#..#
#...........#
#@# #.........#
#z# #..<......#
#n# #.........#
#z# #..........
#z# #...z.z.##.
#z## #####z###
#zz# #.# ##ยง#
#####.####
#.#####..zzz...#


You could see a necrophage and 3 wights.

Vanquished Creatures
  Sigmund (D:2)
  2 scorpions
  A jelly (D:4)
  A hound (D:6)
  An iguana (D:4)
  An orc wizard (D:3)
  6 adders
  A dart slug (D:1)
  A worm (D:2)
  4 orcs
  7 ball pythons
  2 endoplasms
  A giant cockroach (D:1)
  7 goblins
  5 hobgoblins
  3 jackals (D:3)
  4 quokkas
  3 bats
  2 frilled lizards
  6 kobolds
  3 rats
62 creatures vanquished.

Notes
Turn   | Place    | Note
-------+----------+-------------------------------------------
     0 | D:1      | KristoblXynda the Draconian Monk began the quest for the
                  | Orb.
     0 | D:1      | Reached XP level 1. HP: 19/19 MP: 1/1
    69 | D:1      | Found a faded altar of an unknown god.
   158 | D:1      | Reached XP level 2. HP: 23/26 MP: 2/2
  1152 | D:2      | Reached XP level 3. HP: 24/33 MP: 3/3
  1638 | D:2      | Reached skill level 4 in Fighting
  1638 | D:2      | Reached XP level 4. HP: 34/40 MP: 4/4
  1688 | D:2      | Noticed Sigmund
  1735 | D:2      | Killed Sigmund
  1736 | D:2      | Reached XP level 5. HP: 26/47 MP: 5/5
  2317 | D:3      | Reached XP level 6. HP: 25/38 MP: 6/6
  2519 | D:3      | Found Atwun's Vocational Training.
  3284 | D:4      | Reached skill level 5 in Fighting
  3735 | D:5      | Entered Level 5 of the Dungeon
  3735 | D:5      | Noticed Grinder
  3735 | D:5      | Noticed Menkaure
  3805 | D:6      | Slain by a wight

Illustrated notes

Levels and vault maps discovered:
D:1:      dpeg_chamrin_arrival_tetris, layout_basic,
          hellmonk_ecumenical_altar_arch_garden, kennysheep_another_room
D:2:      layout_basic, eino_curves_04, uniq_sigmund
D:3:      layout_basic, nicolae_shop_vocational
D:4:      layout_basic
D:5:      layout_gridville, uniq_grinder, uniq_ijyb, uniq_menkaure
D:6:      layout_loops_cross, mainiacjoe_overflow_swirl, minivault_25,
          minmay_quadrilaterals

Skill      XL: |  1  2  3  4  5  6 |
---------------+-------------------+-----
Stealth        | 2 3 |  3.9
Dodging        | 3 4 |  4.1
Fighting       | 4 5 |  5.1
Unarmed Combat | 4 |  4.8

Action                   |  1- 3 |  4- 6 || total
-------------------------+-------+-------++-------
Melee: Unarmed           |    25 |       ||    25
       Tailslap          |     7 |    17 ||    24
       Short sword       |   101 |   118 ||   219
       Punch             |     2 |     7 ||     9
       Dagger            |       |    47 ||    47
  Use: Scroll            |       |     6 ||     6
       Potion            |       |     5 ||     5
 Stab: Sleeping          |     7 |     3 ||    10
Armor: Skin              |    27 |    35 ||    62
Dodge: Dodged            |    38 |    72 ||   110

Table legend: (Time is in decaauts)
 A = Elapsed time spent in this place.
 B = Non-inter-level travel time spent in this place.
 C = Inter-level travel time spent in this place.
 D = Time resting spent in this place.
 E = Time spent auto-exploring this place.
 F = Levels seen in this place.
 G = Mean time per level.
                   A        B        C        D        E       F      G
               +--------+--------+--------+--------+--------+-----+--------+
         Total |   3720 |   3621 |     99 |    669 |   2419 |   6 |  620.0 |
       Dungeon |   3720 |   3621 |     99 |    669 |   2419 |   6 |  620.0 |
               +--------+--------+--------+--------+--------+-----+--------+

Top non-repeatable levels by time:
     D:1: 1126 daAuts
     D:4: 912 daAuts
     D:2: 812 daAuts
     D:3: 805 daAuts
     D:6: 47 daAuts
     D:5: 15 daAuts
